 Dungeon Sprint DCSS version 0.15.0-12-gccce430 (webtiles) character file.

159 Canard the Ducker (level 5, -13/57 HPs)
             Began as a Troll Fighter on Sept 2, 2014.
             Mangled by a hill giant
             ... wielding a +0 giant club
              (28 damage)
             ... in the Dungeon (Sprint IX: "|||||||||||||||||||||||||||||").
             The game lasted 00:00:25 (123 turns).

Canard the Ducker (Troll Fighter)                    Turns: 123, Time: 00:00:25

HP -13/57        AC  5     Str 25      XL: 5   Next: 17%
MP   2/2         EV 10     Int  4      God:
Gold 0           SH  9     Dex  9      Spells:  0 memorised,  4 levels left

rFire  . . .     SeeInvis .       - Unarmed
rCold  . . .     Clarity  .     b - +0 robe
rNeg   . . .     rCorr    .     c - +0 shield (curse)
rPois  .         rRot     .     (helmet restricted)
rElec  .         Spirit   .     (no cloak)
SustAb .         Warding  .     (gloves unavailable)
rMut   .         NoTele   +     (boots unavailable)
Gourm  +                        (no amulet)
MR     .....                    (no ring)
                                (no ring)

@: not resistant to hostile enchantments, very unstealthy
A: unfitting armour, claws 3, fast metabolism 3, gourmand, regeneration 2,
saprovore 2, shaggy fur 1, tough skin 2
a: no special abilities


You were in the Dungeon.
You were not hungry.

You visited 1 branch


Innate Abilities, Weirdness & Mutations

You are too large for most types of armour.
You have claws for hands.
Your metabolism is lightning-fast.
You like to eat raw meat.
You heal very quickly.
You can eat rotten meat.
You are covered in fur (AC +1).
You have very tough skin (AC +2).


   Skills:
 + Level 5.0 Fighting
 + Level 5.8 Dodging
 + Level 5.0 Shields
 + Level 4.1 Unarmed Combat


You had 4 spell levels left.
You didn't know any spells.

Action                   |  1- 3 |  4- 6 || total
-------------------------+-------+-------++-------
Melee: Unarmed           |    55 |     9 ||    64

Inventory:

Armour
 b - a +0 robe (worn)
 c - a cursed +0 shield (worn)
Magical devices
 n - a wand of cold (7)
   (You found it in the Dungeon)
Comestibles
 a - 2 meat rations
Scrolls
 j - 2 scrolls of blinking
 l - 3 scrolls of remove curse
 m - 2 scrolls of amnesia
Jewellery
 o - a +3 ring of strength
   (You found it in the Dungeon)
 p - a +2 ring of evasion
   (You found it in the Dungeon)
Potions
 d - 5 potions of curing
 e - a potion of might
 f - 3 potions of heal wounds
 g - a potion of haste
 h - 4 potions of magic
 i - a potion of berserk rage
 k - a potion of invisibility


Message History

You scratch the ogre.
The ogre is severely wounded.
The crimson imp misses you. You block the ogre's attack.
You scratch the ogre.
The ogre is almost dead.
You block the crimson imp's attack.
You claw the ogre!
You kill the ogre!
Your Fighting skill increases to level 5!
Your Dodging skill increases to level 5!
Your Shields skill increases to level 5!
Your Unarmed Combat skill increases to level 4!
You have reached level 5!
You block the crimson imp's attack.
You scratch the hill giant.
The hill giant begins to bleed from its wounds!
The hill giant is lightly wounded.
You block the crimson imp's attack.
The hill giant hits you with a giant club!!
You die...

▓|▓
▓)▓
▓[▓
▓[▓
▓[▓
▓.▓
▓.▓
▓5▓
▓@▓
▓C▓
▓.▓
▓.▓
▓.▓
▓.▓
▓+▓

Dungeon Overview and Level Annotations

Branches:
Dungeon (1/1)

Altars:
Cheibriados
Dithmenos
Elyvilon
Fedhas
Kikubaaqudgha
Makhleb
Nemelex Xobeh
Okawaru
Qazlal
Sif Muna
Trog
Vehumet
Xom
Yredelemnul
Zin
The Shining One
Beogh
Jiyva
Lugonu

Table legend:
 A = Turns spent in this place as a percentage of turns spent in the entire game.
 B = Non-inter-level travel turns spent in this place as a percentage of non-inter-level travel turns spent in the entire game.
 C = Inter-level travel turns spent in this place as a percentage of turns spent in this place.
 D = Turns resting spent in this place as a percentage of non-inter-level travel turns spent in this place.
 E = Turns spent auto-exploring this place as a percentage of non-inter-level travel turns spent in this place.
 F = Non-inter-level travel turns spent in this place divided by the number of levels of this place that you've seen.
                   A       B       C       D       E      F
               +-------+-------+-------+-------+-------+----------------------
         Total | 100.0 | 100.0 |   0.0 |   0.0 |   0.0 | 119.0
       Dungeon | 100.0 | 100.0 |   0.0 |   0.0 |   0.0 | 119.0
               +-------+-------+-------+-------+-------+----------------------

Table legend:
 A = Kills in this place as a percentage of kills in entire the game.
 B = Kills by you in this place as a percentage of kills by you in the entire game.
 C = Kills by friends in this place as a percentage of kills by friends in the entire game.
 D = Other kills in this place as a percentage of other kills in the entire game.
 E = Experience gained in this place as a percentage of experience gained in the entire game.
 F = Experience gained in this place divided by the number of levels of this place that you have seen.
                   A       B       C       D       E      F
               +-------+-------+-------+-------+-------+----------------------
         Total | 100.0 | 100.0 |  -nan |  -nan | 100.0 | 228.0
       Dungeon | 100.0 | 100.0 |  -nan |  -nan | 100.0 | 228.0
               +-------+-------+-------+-------+-------+----------------------
You could see a hill giant (bleeding) and a crimson imp.

Vanquished Creatures
  An ogre (D)
  2 hounds (D)
  A mummy (D)
  A bat (D)
  A goblin (D)
  4 hobgoblins (D)
  2 kobolds (D)
  2 rats (D)
14 creatures vanquished.

Notes
Turn   | Place    | Note
--------------------------------------------------------------
     0 | D        | Canard, the Troll Fighter, began the quest for the Orb.
     0 | D        | Reached XP level 1. HP: 22/22 MP: 1/1
    22 | D        | Reached skill level 3 in Fighting
    35 | D        | Noticed a hound
    47 | D        | Killed a hound
    47 | D        | Reached skill level 4 in Dodging
    47 | D        | Reached XP level 2. HP: 14/32 MP: 1/1
    47 | D        | Reached XP level 3. HP: 17/39 MP: 2/2
    48 | D        | Huge Dmg: 6 dmg
    62 | D        | Found a glowing silver altar of Zin.
    62 | D        | Found a glowing golden altar of the Shining One.
    62 | D        | Found an ancient bone altar of Kikubaaqudgha.
    62 | D        | Found a basalt altar of Yredelemnul.
    62 | D        | Found a shimmering altar of Xom.
    62 | D        | Found a radiant altar of Vehumet.
    62 | D        | Found an iron altar of Okawaru.
    63 | D        | Found a burning altar of Makhleb.
    64 | D        | Found a deep blue altar of Sif Muna.
    65 | D        | Found a bloodstained altar of Trog.
    66 | D        | Found a sparkling altar of Nemelex Xobeh.
    67 | D        | Found a white marble altar of Elyvilon.
    68 | D        | Found a roughly hewn altar of Beogh.
    69 | D        | Found a viscous altar of Jiyva.
    70 | D        | Found a corrupted altar of Lugonu.
    71 | D        | Found a blossoming altar of Fedhas.
    72 | D        | Found a snail-covered altar of Cheibriados.
    73 | D        | Found a shadowy altar of Dithmenos.
    74 | D        | Found a stormy altar of Qazlal.
   100 | D        | Noticed a hound
   100 | D        | Noticed a crimson imp
   100 | D        | Noticed an ogre
   100 | D        | Noticed a hill giant
   106 | D        | Huge Dmg: 10 dmg
   110 | D        | Huge Dmg: 7 dmg
   113 | D        | Killed a hound
   113 | D        | Reached XP level 4. HP: 24/48 MP: 2/2
   117 | D        | Huge Dmg: 10 dmg
   122 | D        | Killed an ogre
   122 | D        | Reached skill level 5 in Fighting
   122 | D        | Reached skill level 5 in Dodging
   122 | D        | Reached skill level 5 in Shields
   122 | D        | Reached XP level 5. HP: 13/57 MP: 2/2
   123 | D        | Mangled by a hill giant

Vault maps used:
D:        linesprint
